Map: Lightshade LE

Players

GogojOey

  • Race: Zerg Zerg
  • Spawn Location: 11:00

黑羽快斗 (ButAlways) - Winner!

  • Race: Protoss Protoss
  • League: Grandmaster
  • Spawn Location: 5:00

Event: DreamHack SC2 Masters 2020 Winter

VOD

Have the link to the VOD?

Description

Time

  • Played on: Oct. 22, 2020, 8:06 a.m.
  • Length: 17:58

All games in this series

Show
View Real Time Build Order
Export as new Build Order

GogojOey Zerg 

Build Orders: Hatch First 

Get SALT Encoding   

  12  0:00  Drone  
  13  0:12  Overlord  
  13  0:17  Drone  
  14  0:31  Drone x2  
  16  0:51  Hatchery  
  16  0:52  Drone  
  16  0:55  Drone  
  17  0:59  Drone  
  18  1:09  Extractor  
  17  1:15  Spawning Pool  
  17  1:18  Drone  
  17  1:20  Drone  
  18  1:29  Drone  
  19  1:39  Drone  
  20  1:50  Drone  
  21  2:02  Queen, Zergling x2  
  21  2:03  Queen  
  21  2:04  Zergling x2  
  27  2:09  Metabolic Boost  
  27  2:11  Overlord  
  27  2:13  Drone  
  28  2:30  Drone x2  
  28  2:33  Drone  
  31  2:44  Queen  
  31  2:45  Hatchery  
  31  2:47  Drone  
  31  2:48  Zergling x2  
  34  2:54  Overlord  
  34  2:57  Extractor  
  33  3:01  Spore Crawler  
  33  3:05  Spore Crawler  
  30  3:09  Drone x3  
  36  3:15  Drone  
  36  3:16  Drone  
  36  3:17  Drone x2  
  41  3:20  Drone  
  41  3:24  Overlord  
  41  3:25  Drone  
  42  3:28  Drone x2  
  44  3:39  Overlord  
  44  3:43  Overlord  
  44  3:53  Overlord  
  44  3:54  Spore Crawler  
  44  3:55  Drone  
  44  3:56  Queen  
  44  3:57  Queen  
  44  3:58  Drone x2  
  44  4:02  Spore Crawler  
  49  4:03  Drone  
  49  4:09  Lair  
  50  4:13  Drone x3  
  53  4:22  Drone x3  
  56  4:29  Overlord x2  
  56  4:30  Drone x3  
  56  4:31  Drone  
  60  4:37  Roach Warren  
  59  4:41  Spore Crawler  
  59  4:43  Drone  
  59  4:44  Drone x2, Extractor  
  59  4:45  Extractor  
  59  4:49  Queen  
  61  4:58  Overlord  
  61  4:59  Queen  
  62  5:02  Drone x6  
  62  5:06  Overlord x2  
  70  5:11  Hydralisk Den  
  70  5:12  Extractor  
  65  5:17  Drone  
  63  5:22  Drone  
  63  5:23  Drone  
  63  5:25  Zergling x8  
  68  5:29  Drone x5  
  68  5:30  Drone  
  68  5:33  Spore Crawler  
  73  5:39  Spore Crawler  
  69  5:43  Drone, Grooved Spines  
  69  5:44  Drone x3  
  69  5:47  Drone x2  
  73  5:50  Drone x2  
  73  5:56  Drone x2  
  76  5:58  Drone x2  
  76  6:01  Drone  
  76  6:03  Evolution Chamber  
  78  6:07  Drone  
  78  6:08  Drone x5  
  78  6:09  Drone x2  
  85  6:12  Drone  
  85  6:16  Drone x2  
  87  6:22  Drone x2  
  87  6:25  Extractor  
  86  6:26  Extractor  
  86  6:31  Zerg Missile Weapons Level 1  
  86  6:32  Evolution Chamber  
  84  6:33  Drone x2  
  84  6:34  Hatchery  
  84  6:38  Hydralisk  
  84  6:39  Hydralisk  
  89  6:43  Overlord  
  89  6:44  Overlord  
  87  6:52  Spore Crawler  
  80  6:55  Muscular Augments  
  80  6:58  Overlord x2  
  78  7:03  Hydralisk x2  
  80  7:11  Hydralisk  
  80  7:13  Overlord x2  
  80  7:15  Drone  
  81  7:18  Drone x3  
  81  7:19  Drone x3  
  81  7:20  Drone x2  
  89  7:25  Drone, Spore Crawler  
  89  7:26  Hydralisk  
  89  7:27  Hydralisk x3  
  97  7:35  Hydralisk x5  
  98  7:40  Drone  
  98  7:43  Drone  
  100  7:47  Zerg Melee Weapons Level 1  
  100  7:49  Drone  
  100  7:50  Baneling Nest  
  100  7:53  Drone  
  100  7:54  Hydralisk x3  
  100  7:57  Hydralisk x2  
  111  8:01  Hydralisk  
  113  8:07  Drone, Hydralisk  
  116  8:14  Overlord x3  
  116  8:15  Hydralisk  
  118  8:20  Drone  
  118  8:21  Overlord  
  118  8:25  Drone, Spore Crawler  
  119  8:27  Zerg Missile Weapons Level 2  
  119  8:32  Overlord  
  119  8:34  Drone x10  
  119  8:38  Spore Crawler  
  126  8:44  Drone x7  
  127  8:54  Drone x2, Zergling x10  
  127  8:55  Zergling x4  
  134  8:57  Queen  
  136  9:04  Zergling x2  
  136  9:07  Zergling x6  
  140  9:20  Hatchery  
  140  9:21  Overlord x2  
  128  9:31  Overlord x3  
  128  9:36  Overlord  
  128  9:40  Infestation Pit  
  128  9:42  Zergling x24, Hydralisk  
  128  9:45  Queen, Overseer  
  141  9:48  Zergling x4  
  141  9:49  Baneling x4  
  144  9:55  Hydralisk x2  
  144  9:56  Zergling x2  
  142  10:00  Hydralisk  
  142  10:02  Baneling x9  
  142  10:03  Baneling x7  
  142  10:05  Hydralisk  
  142  10:06  Zergling x6  
  142  10:07  Zergling x2  
  150  10:10  Hydralisk  
  150  10:11  Zergling x2, Hydralisk  
  155  10:19  Zerg Melee Weapons Level 2, Hive  
  155  10:22  Drone x3  
  155  10:23  Drone  
  155  10:26  Hydralisk  
  155  10:27  Zergling x4  
  162  10:29  Baneling x4  
  162  10:34  Hydralisk  
  162  10:35  Zergling x8  
  167  10:40  Drone  
  168  10:45  Hydralisk  
  168  10:46  Zergling x16  
  168  10:49  Centrifical Hooks  
  168  10:59  Hydralisk  
  168  11:00  Zergling x14  
  164  11:05  Hydralisk  
  164  11:06  Zergling x10  
  164  11:10  Drone  
  164  11:12  Drone x2  
  164  11:16  Spine Crawler x2  
  164  11:18  Spine Crawler  
  163  11:21  Hydralisk x4  
  163  11:22  Zergling x4  
  170  11:29  Baneling x9  
  170  11:30  Hydralisk  
  170  11:31  Zergling x4  
  162  11:40  Zergling x10, Hydralisk  
  162  11:41  Zergling x6  
  149  11:51  Hydralisk  
  149  11:52  Zergling x18  
  131  11:56  Hydralisk  
  131  11:57  Zergling x2, Hydralisk  
  131  12:00  Hydralisk x2  
  125  12:01  Zergling x2  
  125  12:06  Hydralisk  
  125  12:07  Hydralisk  
  130  12:08  Baneling  
  130  12:09  Baneling x4  
  130  12:11  Hydralisk  
  130  12:12  Zergling x2  
  133  12:16  Zerg Missile Weapons Level 3  
  133  12:26  Baneling x6  
  133  12:27  Baneling x7  
  133  12:30  Hydralisk x3  
  133  12:36  Drone  
  140  12:39  Hydralisk x5  
  146  12:46  Drone x2  
  140  12:55  Hydralisk x7  
  153  12:58  Baneling  
  153  12:59  Baneling x6  
  153  13:02  Drone x2  
  156  13:05  Drone x2  
  156  13:07  Hydralisk x2  
  161  13:18  Baneling x12, Hydralisk x3  
  167  13:27  Hydralisk  
  167  13:28  Zergling x12  
  175  13:38  Overlord x2  
  175  13:39  Overlord x2  
  175  13:44  Overlord  
  175  13:45  Overlord  
  173  14:01  Spire  
  170  14:04  Hydralisk  
  170  14:05  Zergling x2, Hydralisk x11  
  170  14:07  Drone  
  191  14:26  Hydralisk x4  
  197  14:32  Spine Crawler  
  197  14:33  Spine Crawler  
  197  14:34  Spine Crawler  
  184  14:47  Hydralisk  
  184  14:48  Zergling x32  
  184  14:49  Zergling x6  
  170  15:00  Zerg Melee Weapons Level 3  
  170  15:04  Zergling x20, Hydralisk  
  182  15:17  Zerg Flyer Weapons Level 1  
  182  15:28  Ultralisk Cavern  
  181  15:34  Zergling x4, Hydralisk  
  181  15:35  Zergling x24  
  196  15:42  Zergling x16  
  198  15:45  Zerg Ground Armor Level 1  
  188  15:54  Drone x4  
  188  15:55  Spore Crawler  
  188  15:57  Spore Crawler x3  
  184  16:11  Queen  
  184  16:17  Drone x2, Extractor x2  
  186  16:19  Baneling x13  
  186  16:21  Baneling x5  
  186  16:22  Baneling  
  186  16:24  Baneling  
  186  16:25  Baneling x7  
  186  16:27  Hatchery, Zergling x6, Hydralisk  
  186  16:28  Zergling x10  
  195  16:41  Hydralisk  
  195  16:42  Zergling x6  
  194  16:52  Baneling x5  
  174  17:04  Hydralisk x6  
  174  17:05  Hydralisk x5  
  156  17:14  Hydralisk  
  156  17:15  Hydralisk x2  
  138  17:20  Hydralisk x2  
Show
View Real Time Build Order
Export as new Build Order

黑羽快斗 Protoss - Winner!

Build Orders: 1 Gate Expand, Phoenix Opening, Carriers, Mass Phoenix 

Get SALT Encoding   

  12  0:00  Probe  
  13  0:12  Probe  
  14  0:20  Pylon  
  14  0:24  Probe  
  15  0:38  Probe (Chrono Boost)  
  15  0:42  Gateway  
  16  0:47  Probe (Chrono Boost)  
  16  0:48  Assimilator  
  17  0:52  Probe  
  18  1:04  Probe  
  19  1:16  Probe  
  20  1:23  Nexus  
  20  1:34  Cybernetics Core  
  20  1:37  Probe  
  21  1:44  Assimilator  
  21  1:49  Unknown  
  21  1:50  Unknown x2, Probe  
  21  1:53  Pylon  
  22  2:02  Probe (Chrono Boost)  
  23  2:08  Adept (Chrono Boost)  
  23  2:14  Probe (Chrono Boost)  
  26  2:17  Stargate  
  27  2:23  Probe (Chrono Boost)  
  27  2:26  Warp Gate  
  27  2:30  Probe (Chrono Boost)  
  27  2:32  Adept  
  27  2:36  Probe (Chrono Boost)  
  33  2:45  Probe x2 (Chrono Boost)  
  33  2:50  Probe (Chrono Boost)  
  33  2:52  Probe  
  33  2:54  Void Ray (Chrono Boost)  
  34  3:03  Probe  
  39  3:06  Probe  
  38  3:15  Probe  
  38  3:18  Probe  
  38  3:19  Assimilator  
  40  3:25  Gateway  
  40  3:27  Probe  
  40  3:29  Phoenix (Chrono Boost)  
  40  3:30  Probe  
  44  3:35  Assimilator  
  44  3:36  Pylon  
  44  3:39  Probe  
  45  3:42  Probe  
  46  3:52  Stargate  
  46  3:55  Probe  
  47  3:56  Phoenix (Chrono Boost)  
  47  3:59  Probe  
  50  4:03  Pylon  
  50  4:07  Probe  
  51  4:11  Probe  
  52  4:18  Pylon  
  52  4:19  Probe  
  52  4:20  Phoenix (Chrono Boost)  
  55  4:24  Adept x2  
  59  4:34  Probe  
  59  4:38  Phoenix (Chrono Boost), Probe  
  65  4:47  Phoenix (Chrono Boost), Pylon  
  65  4:57  Probe  
  65  4:59  Phoenix (Chrono Boost)  
  44  5:07  Phoenix (Chrono Boost)  
  70  5:13  Probe  
  71  5:14  Adept  
  71  5:19  Phoenix (Chrono Boost)  
  71  5:29  Nexus  
  71  5:31  Pylon  
  71  5:33  Pylon  
  73  5:36  Phoenix (Chrono Boost)  
  73  5:48  Phoenix (Chrono Boost), Protoss Air Weapons Level 1  
  75  5:51  Probe  
  75  5:53  Zealot x2  
  80  6:00  Shield Battery, Twilight Council  
  80  6:02  Probe  
  80  6:03  Phoenix (Chrono Boost), Probe  
  82  6:08  Pylon  
  82  6:09  Phoenix (Chrono Boost)  
  84  6:14  Probe  
  83  6:21  Phoenix, Probe  
  86  6:26  Probe  
  86  6:28  Gateway  
  86  6:29  Gateway  
  86  6:30  Sentry  
  86  6:31  Charge (Chrono Boost)  
  89  6:33  Probe  
  89  6:38  Probe  
  91  6:44  Phoenix  
  91  6:45  Probe  
  94  6:52  Zealot  
  94  6:53  Zealot  
  98  6:56  Phoenix  
  98  6:59  Probe  
  98  7:00  Probe  
  102  7:02  Probe  
  103  7:09  Phoenix  
  103  7:11  Probe  
  103  7:12  Templar Archives  
  103  7:14  Probe  
  105  7:16  Pylon  
  105  7:21  Assimilator  
  105  7:22  Pylon  
  106  7:26  Assimilator  
  106  7:27  Gateway, Probe  
  106  7:28  Probe  
  107  7:37  Probe  
  107  7:41  Probe  
  107  7:42  Gateway  
  107  7:43  Probe  
  108  7:45  Gateway  
  108  7:47  Robotics Facility  
  108  7:49  Fleet Beacon  
  108  7:50  Probe  
  109  7:51  Zealot  
  109  7:52  Pylon  
  109  7:57  Zealot x2  
  115  8:04  Zealot  
  115  8:05  Pylon  
  117  8:07  Pylon  
  117  8:10  Gateway  
  117  8:13  High Templar  
  119  8:22  High Templar x3  
  119  8:24  Forge  
  125  8:27  Archon  
  125  8:29  Archon, Zealot  
  127  8:38  Zealot  
  127  8:51  Carrier (Chrono Boost)  
  127  8:52  Carrier (Chrono Boost)  
  127  8:53  Zealot x2  
  127  8:54  Observer  
  140  8:59  Protoss Ground Weapons Level 1 (Chrono Boost), Zealot x3  
  146  9:04  Photon Cannon  
  146  9:05  Nexus  
  146  9:08  Pylon  
  146  9:10  Zealot  
  146  9:11  Zealot  
  146  9:15  Probe  
  150  9:26  Warp Prism  
  150  9:30  Probe  
  151  9:33  Probe  
  151  9:34  High Templar x2  
  151  9:35  Zealot x3  
  151  9:36  Probe  
  161  9:46  Pylon x2  
  161  9:48  Protoss Air Weapons Level 2  
  161  9:51  Zealot  
  161  9:52  Photon Cannon, Zealot  
  165  10:02  Carrier (Chrono Boost)  
  171  10:07  Archon  
  171  10:12  Carrier (Chrono Boost)  
  177  10:25  Stargate  
  175  10:30  Shield Battery  
  175  10:31  Zealot x5  
  175  10:32  Zealot  
  187  10:44  Zealot x2, Stargate  
  187  10:49  Assimilator  
  189  10:51  Pylon  
  177  10:59  Carrier (Chrono Boost)  
  177  11:00  Carrier (Chrono Boost)  
  157  11:07  Zealot x3  
  155  11:12  High Templar x2  
  155  11:18  Archon  
  159  11:19  Photon Cannon  
  159  11:20  Pylon  
  159  11:21  Pylon  
  159  11:22  Pylon  
  159  11:23  Probe x2  
  161  11:29  High Templar  
  161  11:30  High Templar  
  153  11:34  Archon, Zealot x4  
  161  11:44  Zealot  
  161  11:45  Zealot  
  131  11:54  Zealot x4  
  131  11:59  Carrier  
  131  12:00  Probe x2  
  141  12:03  Probe x2  
  143  12:15  Assimilator  
  143  12:20  Protoss Air Weapons Level 3 (Chrono Boost)  
  143  12:21  Carrier  
  149  12:25  Zealot  
  149  12:27  Zealot  
  149  12:29  Zealot  
  155  12:31  High Templar  
  155  12:32  High Templar  
  155  12:36  Archon  
  159  12:45  Observer  
  159  12:47  Zealot x2  
  159  12:48  Zealot  
  153  12:54  Probe  
  153  12:55  Probe x2  
  150  13:01  Carrier  
  156  13:06  Photon Cannon, Probe x2  
  156  13:07  Shield Battery  
  156  13:08  Probe  
  156  13:11  Photon Cannon  
  159  13:14  Pylon  
  159  13:15  Pylon  
  159  13:23  High Templar x4  
  159  13:27  Pylon  
  167  13:29  High Templar, Archon x2  
  169  13:42  Nexus  
  169  13:45  Zealot x3  
  161  13:56  High Templar  
  161  13:59  Probe (Chrono Boost)  
  161  14:00  Probe (Chrono Boost)  
  161  14:01  Archon, Probe x2 (Chrono Boost)  
  159  14:09  High Templar x4  
  169  14:10  Probe (Chrono Boost)  
  169  14:11  Probe (Chrono Boost)  
  169  14:12  Probe x2 (Chrono Boost)  
  169  14:14  Archon  
  169  14:15  Archon  
  172  14:19  Probe (Chrono Boost)  
  172  14:20  Probe x2 (Chrono Boost)  
  172  14:21  Probe (Chrono Boost)  
  175  14:24  Pylon  
  175  14:25  Pylon  
  175  14:26  Probe (Chrono Boost)  
  175  14:27  Probe (Chrono Boost)  
  175  14:29  Probe x2 (Chrono Boost)  
  179  14:31  Probe (Chrono Boost)  
  179  14:32  Probe  
  179  14:34  Zealot x3  
  179  14:40  Probe  
  179  14:41  Probe  
  179  14:42  Zealot  
  159  14:49  High Templar x4  
  159  14:53  Archon  
  159  14:57  Carrier (Chrono Boost)  
  159  14:58  Observer  
  164  15:02  Archon  
  164  15:12  Carrier (Chrono Boost)  
  170  15:24  Pylon  
  170  15:27  Pylon  
  168  15:42  Protoss Air Armor Level 1  
  168  15:47  High Templar x3, Zealot x2  
  168  15:48  Zealot  
  169  15:53  Archon  
  169  15:56  Carrier (Chrono Boost)  
  173  16:05  High Templar  
  175  16:15  Nexus  
  175  16:16  Pylon  
  175  16:18  Carrier (Chrono Boost)  
  175  16:24  Zealot x5  
  191  16:36  Photon Cannon  
  162  16:54  Zealot  
  162  16:55  Zealot x7  
  160  17:20  High Templar x4  
  164  17:26  Archon  
  164  17:31  Archon  
Tags
 
Add a new tag
Caveats
  • Supply blocks, unpowered buildings, or Contaminate may cause inaccurate times.
  • Supply counts are checked every 10 seconds.